| TOP OF THE 1ST |
|
Lehigh Valley IronPigs batting - Pitching for New Orleans Zephyrs : LHP Geoff Goss
|
|
Pitching: LHP Geoff Goss
|
|
|
Now at 2B: Humberto Oros
|
|
|
Now at 3B: Ramon Martinez
|
|
|
Now at SS: Kyle Ashton
|
|
|
Now in CF: John Jackson
|
|
|
Batting: LHB Chad Persaud
|
0-0: Ball 1-0: Fly out, F4 (Popup, 13, EV 81.9 MPH)
|
|
Batting: RHB Matt Sanders
|
0-0: Ball 1-0: Foul Ball, location: 2F 1-1: Foul Ball, location: 2F 1-2: Ball 2-2: Fly out, F5 (Line Drive, 5, EV 66.9 MPH)
|
|
Batting: SHB Lance Franklin
|
0-0: Swinging Strike 0-1: Ball 1-1: Called Strike 1-2: Ball 2-2: Strikes out swinging
|
| Top of the 1st over - 0 runs, 0 hits, 0 errors, 0 left on base; Lehigh Valley 0 - New Orleans 0 |
| BOTTOM OF THE 1ST |
|
New Orleans Zephyrs batting - Pitching for Lehigh Valley IronPigs : RHP Nick Turner
|
|
Pitching: RHP Nick Turner
|
|
|
Batting: RHB John Jackson
|
0-0: Called Strike 0-1: Foul Ball, location: 2F 0-2: Foul Ball, location: 2F 0-2: Ball 1-2: Ground out 6-3 (Groundball, 6S, EV 73.1 MPH)
|
|
Batting: SHB Ramon Martinez
|
0-0: Ball 1-0: Called Strike 1-1: Swinging Strike 1-2: Strikes out swinging
|
|
Batting: RHB Omar Contreras
|
0-0: Foul Ball, location: 2F 0-1: Called Strike 0-2: Ball 1-2: Fly out, F9 (Flyball, 9D, EV 84.4 MPH)
|
| Bottom of the 1st over - 0 runs, 0 hits, 0 errors, 0 left on base; Lehigh Valley 0 - New Orleans 0 |
| TOP OF THE 2ND |
|
Lehigh Valley IronPigs batting - Pitching for New Orleans Zephyrs : LHP Geoff Goss
|
|
Batting: RHB Nick Beggs
|
0-0: Swinging Strike 0-1: Ball 1-1: Ball 2-1: Foul Ball, location: 2F 2-2: SOLO HOME RUN (Flyball, 78XD, EV 106.9 MPH), Distance : 413 ft
|
|
Batting: RHB Young-tae Yoo
|
0-0: Ball 1-0: Ground out 6-3 (Groundball, 6S, EV 84.4 MPH)
|
|
Batting: RHB Dan Grable
|
0-0: Foul Ball, location: 2F 0-1: Foul Ball, location: 2F 0-2: Ball 1-2: Fly out, F9 (Flyball, 89D, EV 110.0 MPH)
|
|
Batting: RHB Josh Hensley
|
0-0: Swinging Strike 0-1: Fly out, F8 (Flyball, 8RM, EV 91.9 MPH)
|
| Top of the 2nd over - 1 run, 1 hit, 0 errors, 0 left on base; Lehigh Valley 1 - New Orleans 0 |
| BOTTOM OF THE 2ND |
|
New Orleans Zephyrs batting - Pitching for Lehigh Valley IronPigs : RHP Nick Turner
|
|
Batting: RHB Alex Gomez
|
0-0: Ball 1-0: Called Strike 1-1: Foul Ball, location: 2F 1-2: Foul Ball, location: 2F 1-2: Strikes out swinging
|
|
Batting: RHB Chris Lee
|
0-0: Ground out 5-3 (Groundball, 5, EV 103.8 MPH)
|
|
Batting: RHB Jesus Castillo
|
0-0: Foul Ball, location: 2F 0-1: Called Strike 0-2: Ball 1-2: Ground out 5-3 (Groundball, 56S, EV 75.0 MPH)
|
| Bottom of the 2nd over - 0 runs, 0 hits, 0 errors, 0 left on base; Lehigh Valley 1 - New Orleans 0 |
| TOP OF THE 3RD |
|
Lehigh Valley IronPigs batting - Pitching for New Orleans Zephyrs : LHP Geoff Goss
|
|
Batting: RHB Aaron Burress
|
0-0: Called Strike 0-1: Foul Ball, location: 2F 0-2: Foul Ball, location: 2F 0-2: Ball 1-2: Strikes out swinging
|
|
Batting: LHB Osamu Kubo
|
0-0: SOLO HOME RUN (Flyball, 9LD, EV 93.1 MPH), Distance : 334 ft
|
|
Batting: LHB Chad Persaud
|
0-0: DOUBLE (Flyball, 9LD, EV 93.1 MPH)
|
|
Batting: RHB Matt Sanders
|
0-0: Called Strike 0-1: Ball 1-1: Called Strike 1-2: Ground out 6-3 (Groundball, 6, EV 99.4 MPH)
|
|
Batting: SHB Lance Franklin
|
0-0: Ball 1-0: Foul Ball, location: 2F 1-1: Called Strike 1-2: Strikes out swinging
|
| Top of the 3rd over - 1 run, 2 hits, 0 errors, 1 left on base; Lehigh Valley 2 - New Orleans 0 |
| BOTTOM OF THE 3RD |
|
New Orleans Zephyrs batting - Pitching for Lehigh Valley IronPigs : RHP Nick Turner
|
|
Batting: RHB Kyle Ashton
|
0-0: Ball 1-0: Called Strike 1-1: Foul Ball, location: 2F 1-2: Ball 2-2: Ball 3-2: Reached on error, E6 (Groundball, 6, EV 89.4 MPH)
|
|
Batting: RHB Katsutaka Inouye
|
0-0: Called Strike 0-1: Foul Ball, location: 2F 0-2: Ball 1-2: Foul Ball, location: 2F 1-2: Ball 2-2: SINGLE (Groundball, 6MD, EV 97.5 MPH) Kyle Ashton to second Runner from 2nd tries for 3rd, OUT after rundown.
|
|
Batting: RHB Humberto Oros
|
0-0: Called Strike 0-1: Ball 1-1: Ball 2-1: Ball 3-1: Called Strike 3-2: Strikes out looking
|
|
Batting: RHB John Jackson
|
0-0: Foul Ball, location: 2F 0-1: Ball 1-1: Called Strike 1-2: Strikes out swinging
|
| Bottom of the 3rd over - 0 runs, 1 hit, 1 error, 1 left on base; Lehigh Valley 2 - New Orleans 0 |
| TOP OF THE 4TH |
|
Lehigh Valley IronPigs batting - Pitching for New Orleans Zephyrs : LHP Geoff Goss
|
|
Batting: RHB Nick Beggs
|
0-0: DOUBLE (Groundball, 5L, EV 101.2 MPH)
|
|
Batting: RHB Young-tae Yoo
|
0-0: Called Strike 0-1: SINGLE (Groundball, 34D, EV 100.6 MPH) Nick Beggs to third
|
|
DELAY
|
Rain delay of 45 minutes in the 4th inning.
|
|
Batting: RHB Dan Grable
|
0-0: Ball 1-0: Ball 2-0: Called Strike 2-1: Foul Ball, location: 2F 2-2: Foul Ball, location: 2F 2-2: Fly out, F9 (Flyball, 9D, EV 101.9 MPH) Runner from 3rd tags up, SCORES, throw by RF
|
|
Batting: RHB Josh Hensley
|
0-0: Ball 1-0: Called Strike 1-1: SINGLE (Line Drive, 8LS, EV 100.6 MPH) Young-tae Yoo to second
|
|
Batting: RHB Aaron Burress
|
0-0: Ball 1-0: Fly out, F9 (Flyball, 89S, EV 89.4 MPH)
|
|
Batting: LHB Osamu Kubo
|
0-0: Ball 1-0: Ground out 4-3 (Groundball, 4, EV 104.4 MPH)
|
| Top of the 4th over - 1 run, 3 hits, 0 errors, 2 left on base; Lehigh Valley 3 - New Orleans 0 |
| BOTTOM OF THE 4TH |
|
New Orleans Zephyrs batting - Pitching for Lehigh Valley IronPigs : RHP Nick Turner
|
|
Batting: SHB Ramon Martinez
|
0-0: Ball 1-0: Ball 2-0: DOUBLE (Line Drive, 3D, EV 96.2 MPH)
|
|
Batting: RHB Omar Contreras
|
0-0: Ball 1-0: Fly out, F8 (Flyball, 8LD, EV 101.9 MPH)
|
|
Batting: RHB Alex Gomez
|
0-0: Called Strike 0-1: SINGLE (Line Drive, 89S, EV 103.8 MPH) Ramon Martinez to third Runner from 3rd tries for Home, SAFE, throw by RF to home Alex Gomez to second
|
|
Batting: RHB Chris Lee
|
0-0: Called Strike 0-1: Ball 1-1: Ground out U3 (Groundball, 3, EV 78.1 MPH) Alex Gomez to third
|
|
Batting: RHB Jesus Castillo
|
0-0: Ground out 6-3 (Groundball, 6, EV 100.6 MPH)
|
| Bottom of the 4th over - 1 run, 2 hits, 0 errors, 1 left on base; Lehigh Valley 3 - New Orleans 1 |
| TOP OF THE 5TH |
|
Lehigh Valley IronPigs batting - Pitching for New Orleans Zephyrs : LHP Geoff Goss
|
|
Batting: LHB Chad Persaud
|
0-0: Ball 1-0: Ball 2-0: Fly out, F9 (Flyball, 9, EV 93.1 MPH)
|
|
Batting: RHB Matt Sanders
|
0-0: Called Strike 0-1: Called Strike 0-2: Ball 1-2: Strikes out swinging, 2-3 out at first.
|
|
Batting: SHB Lance Franklin
|
0-0: Called Strike 0-1: Fly out, F7 (Flyball, 78M, EV 76.2 MPH)
|
| Top of the 5th over - 0 runs, 0 hits, 0 errors, 0 left on base; Lehigh Valley 3 - New Orleans 1 |
| BOTTOM OF THE 5TH |
|
New Orleans Zephyrs batting - Pitching for Lehigh Valley IronPigs : RHP Nick Turner
|
|
Batting: RHB Kyle Ashton
|
0-0: SOLO HOME RUN (Flyball, 7D, EV 101.9 MPH), Distance : 403 ft
|
|
Batting: RHB Katsutaka Inouye
|
0-0: Ball 1-0: Ball 2-0: Ground out 4-3 (Groundball, 4, EV 81.9 MPH)
|
|
Batting: RHB Humberto Oros
|
0-0: Called Strike 0-1: Ball 1-1: Ball 2-1: Ground out 5-3 (Groundball, 56S, EV 84.4 MPH)
|
|
Batting: RHB John Jackson
|
0-0: Called Strike 0-1: Ball 1-1: Foul Ball, location: 2F 1-2: Fly out, F4 (Popup, 4, EV 78.8 MPH)
|
| Bottom of the 5th over - 1 run, 1 hit, 0 errors, 0 left on base; Lehigh Valley 3 - New Orleans 2 |
| TOP OF THE 6TH |
|
Lehigh Valley IronPigs batting - Pitching for New Orleans Zephyrs : LHP Geoff Goss
|
|
Batting: RHB Nick Beggs
|
0-0: Called Strike 0-1: Reached on error, E3 (Groundball, 34, EV 90.6 MPH)
|
|
Batting: RHB Young-tae Yoo
|
0-0: Called Strike 0-1: Reached via error on a dropped throw from 2B, E3 (Groundball, 6MD, EV 110.0 MPH) Nick Beggs to third
|
|
Batting: RHB Dan Grable
|
0-0: Ball 1-0: Ball 2-0: Foul Ball, location: 2F 2-1: SINGLE (Flyball, 78S, EV 96.2 MPH) Nick Beggs scores Young-tae Yoo to second
|
|
Batting: RHB Josh Hensley
|
0-0: Swinging Strike 0-1: SINGLE (Groundball, 34D, EV 93.8 MPH) Young-tae Yoo to third Dan Grable to second
|
|
Batting: RHB Aaron Burress
|
0-0: Ball 1-0: Foul Ball, location: 2F 1-1: Ball 2-1: SINGLE (Line Drive, 56D, EV 101.9 MPH) Young-tae Yoo scores Dan Grable to third Josh Hensley to second
|
|
Pitching: RHP David Laska
|
|
|
Batting: LHB Osamu Kubo
|
0-0: Foul Ball, location: 2F 0-1: Swinging Strike 0-2: SINGLE (Groundball, 6MD, EV 95.0 MPH) Dan Grable scores Josh Hensley to third Aaron Burress to second Throwing error, E8 Josh Hensley scores Aaron Burress to third Osamu Kubo to second
|
|
Batting: LHB Chad Persaud
|
0-0: Ball 1-0: Foul Ball, location: 2F 1-1: Ball 2-1: Called Strike 2-2: Ball 3-2: Foul Ball, location: 2F 3-2: Strikes out looking
|
|
Batting: RHB Matt Sanders
|
0-0: Foul Ball, location: 2F 0-1: Foul Ball, location: 2F 0-2: DOUBLE (Line Drive, 9LS, EV 115.6 MPH) Aaron Burress scores Osamu Kubo scores
|
|
Batting: SHB Lance Franklin
|
0-0: Ball 1-0: Ground out 4-3 (Groundball, 4, EV 85.6 MPH) Matt Sanders to third
|
|
Batting: RHB Nick Beggs
|
0-0: Ball 1-0: Ball 2-0: Foul Ball, location: 2F 2-1: Swinging Strike 2-2: Ball 3-2: Base on Balls
|
|
Batting: RHB Young-tae Yoo
|
0-0: Called Strike 0-1: Ball Wild Pitch! Matt Sanders scores Nick Beggs to second 1-1: Called Strike 1-2: Ball 2-2: Foul Ball, location: 2F 2-2: Ground out 6-3 (Groundball, 6, EV 103.8 MPH)
|
| Top of the 6th over - 7 runs, 5 hits, 3 errors, 1 left on base; Lehigh Valley 10 - New Orleans 2 |
| BOTTOM OF THE 6TH |
|
New Orleans Zephyrs batting - Pitching for Lehigh Valley IronPigs : RHP Nick Turner
|
|
Batting: SHB Ramon Martinez
|
0-0: Ball 1-0: Ball 2-0: Swinging Strike 2-1: Foul Ball, location: 2F 2-2: Ground out 4-3 (Groundball, 4, EV 86.9 MPH)
|
|
Batting: RHB Omar Contreras
|
0-0: Called Strike 0-1: Ball 1-1: Foul Ball, location: 2F 1-2: Ball 2-2: Ground out 1-3 (Groundball, 34S, EV 62.5 MPH)
|
|
Batting: RHB Alex Gomez
|
0-0: Called Strike 0-1: Ball 1-1: Ball 2-1: Ball 3-1: Base on Balls
|
|
Batting: RHB Chris Lee
|
0-0: Fly out, F8 (Flyball, 8LD, EV 99.4 MPH)
|
| Bottom of the 6th over - 0 runs, 0 hits, 0 errors, 1 left on base; Lehigh Valley 10 - New Orleans 2 |
| TOP OF THE 7TH |
|
Lehigh Valley IronPigs batting - Pitching for New Orleans Zephyrs : RHP David Laska
|
|
Batting: RHB Dan Grable
|
0-0: Reached on error, E5 (Groundball, 56, EV 101.9 MPH)
|
|
Batting: RHB Josh Hensley
|
0-0: Ball 1-0: Ball 2-0: Called Strike 2-1: Foul Ball, location: 2F 2-2: Foul Ball, location: 2F 2-2: Strikes out swinging
|
|
Pitching: RHP Al Mendoza
|
|
|
Batting: RHB Aaron Burress
|
0-0: Ball 1-0: Ball 2-0: Fly out, F7 (Flyball, 7S, EV 91.2 MPH)
|
|
Batting: LHB Osamu Kubo
|
0-0: Ball 1-0: Ball 2-0: Called Strike 2-1: Foul Ball, location: 2F 2-2: Strikes out swinging
|
| Top of the 7th over - 0 runs, 0 hits, 1 error, 1 left on base; Lehigh Valley 10 - New Orleans 2 |
| BOTTOM OF THE 7TH |
|
New Orleans Zephyrs batting - Pitching for Lehigh Valley IronPigs : RHP Nick Turner
|
|
Pinch Hitting: LHB Gustavo Patella
|
0-0: Called Strike 0-1: Called Strike 0-2: Foul Ball, location: 2F 0-2: Strikes out swinging
|
|
Batting: RHB Kyle Ashton
|
0-0: Ball 1-0: Fly out, F3 (Popup, 3SF, EV 78.8 MPH)
|
|
Batting: RHB Katsutaka Inouye
|
0-0: Ball 1-0: Foul Ball, location: 2F 1-1: Swinging Strike 1-2: Hit by Pitch
|
|
Batting: RHB Humberto Oros
|
0-0: Called Strike 0-1: Called Strike 0-2: Fly out, F8 (Flyball, 8RM, EV 86.9 MPH)
|
| Bottom of the 7th over - 0 runs, 0 hits, 0 errors, 1 left on base; Lehigh Valley 10 - New Orleans 2 |
| TOP OF THE 8TH |
|
Lehigh Valley IronPigs batting - Pitching for New Orleans Zephyrs : RHP Al Mendoza
|
|
Now in LF: Chris Lee
|
|
|
Now in RF: Gustavo Patella
|
|
|
Batting: LHB Chad Persaud
|
0-0: Called Strike 0-1: Ground out 4-3 (Groundball, 4, EV 106.9 MPH)
|
|
Batting: RHB Matt Sanders
|
0-0: Foul Ball, location: 2F 0-1: Foul Ball, location: 2F 0-2: Strikes out swinging
|
|
Batting: SHB Lance Franklin
|
0-0: Ball 1-0: Called Strike 1-1: Ball 2-1: Foul Ball, location: 2F 2-2: Ball 3-2: SINGLE (Groundball, 34D, EV 106.2 MPH)
|
|
Batting: RHB Nick Beggs
|
0-0: Ball 1-0: Ground out 2-3 (Groundball, 13S, EV 66.2 MPH)
|
| Top of the 8th over - 0 runs, 1 hit, 0 errors, 1 left on base; Lehigh Valley 10 - New Orleans 2 |
| BOTTOM OF THE 8TH |
|
New Orleans Zephyrs batting - Pitching for Lehigh Valley IronPigs : RHP Nick Turner
|
|
Batting: RHB John Jackson
|
0-0: Ball 1-0: Foul Ball, location: 2F 1-1: Called Strike 1-2: Foul Ball, location: 2F 1-2: Strikes out swinging
|
|
Batting: SHB Ramon Martinez
|
0-0: Called Strike 0-1: Foul Ball, location: 2F 0-2: Ball 1-2: Ball 2-2: Ball 3-2: Base on Balls
|
|
Pitching: RHP John Capparelli
|
|
|
Batting: RHB Omar Contreras
|
0-0: Called Strike 0-1: Foul Ball, location: 2F 0-2: Ball 1-2: Strikes out looking
|
|
Batting: RHB Alex Gomez
|
0-0: Called Strike 0-1: SINGLE (Flyball, 3D, EV 95.6 MPH) Ramon Martinez to second
|
|
Batting: RHB Chris Lee
|
0-0: Called Strike 0-1: Ball 1-1: Foul Ball, location: 2F 1-2: Fielders Choice at 2nd, 5-4 (Groundball, 56, EV 85.6 MPH)
|
| Bottom of the 8th over - 0 runs, 1 hit, 0 errors, 2 left on base; Lehigh Valley 10 - New Orleans 2 |
| TOP OF THE 9TH |
|
Lehigh Valley IronPigs batting - Pitching for New Orleans Zephyrs : RHP Al Mendoza
|
|
Batting: RHB Young-tae Yoo
|
0-0: Foul Ball, location: 2F 0-1: Ground out 6-3 (Groundball, 56, EV 82.5 MPH)
|
|
Pinch Hitting: RHB Chris Pounds
|
0-0: Ball 1-0: Foul Ball, location: 2F 1-1: Foul Ball, location: 2F 1-2: Foul Ball, location: 2F 1-2: Foul Ball, location: 2F 1-2: Foul Ball, location: 2F 1-2: Foul Ball, location: 2F 1-2: Foul Ball, location: 2F 1-2: Ball 2-2: Foul Ball, location: 2F 2-2: Ball 3-2: Base on Balls
|
|
Pitching: RHP Mike Myers
|
|
|
Batting: RHB Josh Hensley
|
0-0: Swinging Strike 0-1: Ball 1-1: Ball 2-1: Fly out, F9 (Flyball, 9D, EV 103.1 MPH)
|
|
Batting: RHB Aaron Burress
|
0-0: Ball 1-0: SINGLE (Groundball, 6D, EV 105.0 MPH) Chris Pounds to second
|
|
Batting: LHB Osamu Kubo
|
0-0: Ball 1-0: Ball 2-0: Foul Ball, location: 2F 2-1: Foul Ball, location: 2F 2-2: Foul Ball, location: 2F 2-2: Foul Ball, location: 2F 2-2: SINGLE (Groundball, 6S, EV 68.1 MPH) (infield hit) Chris Pounds to third Aaron Burress to second
|
|
Batting: LHB Chad Persaud
|
0-0: Called Strike 0-1: Ball 1-1: Ball 2-1: Swinging Strike 2-2: Foul Ball, location: 2F 2-2: Foul Ball, location: 2F 2-2: Fly out, F9 (Flyball, 89S, EV 77.5 MPH)
|
| Top of the 9th over - 0 runs, 2 hits, 0 errors, 3 left on base; Lehigh Valley 10 - New Orleans 2 |
| BOTTOM OF THE 9TH |
|
New Orleans Zephyrs batting - Pitching for Lehigh Valley IronPigs : RHP John Capparelli
|
|
Now at C: Chris Pounds
|
|
|
Batting: LHB Gustavo Patella
|
0-0: Ball 1-0: Called Strike 1-1: Ball 2-1: Foul Ball, location: 2F 2-2: Strikes out swinging
|
|
Batting: RHB Kyle Ashton
|
0-0: Called Strike 0-1: Ball 1-1: Foul Ball, location: 2F 1-2: Ball 2-2: Foul Ball, location: 2F 2-2: Fly out, F4 (Flyball, 34D, EV 88.8 MPH)
|
|
Batting: RHB Katsutaka Inouye
|
0-0: Called Strike 0-1: Called Strike 0-2: Strikes out swinging
|
| Bottom of the 9th over - 0 runs, 0 hits, 0 errors, 0 left on base; Lehigh Valley 10 - New Orleans 2 |
|